Map: King Sejong Station LE

Players

Drager - Winner!

  • Race: Protoss Protoss
  • League: Master

Luke

  • Race: Protoss Protoss
  • League: Master

VOD

https://www.youtube.com/channel/UCcSgNfDNxvyisU-eCj9xyNg/playlists

Description

Time

  • Played on: Aug. 14, 2016, 1:34 p.m.
  • Length: 9:43
Show
View Real Time Build Order
Export as new Build Order

Drager Protoss - Winner!

Build Orders:  

Get SALT Encoding   

  12  0:01  Probe (Chrono Boost)  
  13  0:11  Probe (Chrono Boost)  
  14  0:17  Pylon  
  14  0:22  Probe (Chrono Boost)  
  15  0:35  Probe (Chrono Boost)  
  16  0:38  Gateway  
  16  0:46  Probe (Chrono Boost), Assimilator  
  17  0:55  Assimilator  
  17  0:56  Probe (Chrono Boost)  
  18  1:07  Probe (Chrono Boost)  
  19  1:13  Gateway  
  19  1:17  Probe (Chrono Boost)  
  20  1:25  Cybernetics Core  
  20  1:28  Probe (Chrono Boost)  
  21  1:38  Probe (Chrono Boost)  
  21  1:39  Pylon  
  22  1:49  Probe (Chrono Boost), Warp Gate  
  24  2:02  Stalker x2  
  29  2:11  Mothership Core (Chrono Boost)  
  29  2:17  Pylon  
  29  2:31  Pylon  
  29  2:50  Adept x2  
  33  3:09  Robotics Facility  
  33  3:19  Probe (Chrono Boost)  
  34  3:26  Robotics Facility  
  31  3:28  Nexus  
  31  3:33  Probe (Chrono Boost)  
  32  3:41  Pylon  
  32  3:51  Probe (Chrono Boost)  
  31  3:58  Stalker x2  
  35  4:07  Gateway  
  34  4:10  Pylon  
  34  4:13  Immortal  
  37  4:29  Probe (Chrono Boost)  
  38  4:38  Sentry x2  
  42  4:42  Probe (Chrono Boost)  
  42  4:45  Probe (Chrono Boost)  
  44  4:47  Immortal  
  49  4:54  Probe (Chrono Boost)  
  49  4:57  Pylon  
  50  5:06  Probe (Chrono Boost)  
  50  5:08  Adept x2  
  50  5:11  Probe (Chrono Boost)  
  55  5:17  Probe (Chrono Boost)  
  57  5:21  Probe (Chrono Boost)  
  57  5:28  Probe (Chrono Boost)  
  58  5:29  Twilight Council  
  58  5:32  Probe (Chrono Boost), Sentry  
  58  5:34  Sentry  
  63  5:35  Adept  
  63  5:38  Probe (Chrono Boost)  
  63  5:42  Probe (Chrono Boost)  
  67  5:45  Pylon  
  67  5:49  Probe (Chrono Boost)  
  68  5:52  Pylon  
  68  5:53  Probe (Chrono Boost)  
  68  5:54  Observer  
  70  5:57  Resonating Glaives  
  72  6:04  Probe x2 (Chrono Boost), Assimilator  
  74  6:22  Gateway  
  74  6:23  Gateway  
  72  6:26  Gateway  
  72  6:28  Gateway  
  72  6:31  Adept, Sentry  
  72  6:32  Adept  
  78  6:40  Gateway  
  78  6:43  Pylon  
  78  6:45  Probe (Chrono Boost)  
  79  6:51  Robotics Facility  
  79  6:53  Probe (Chrono Boost)  
  73  7:09  Probe (Chrono Boost)  
  73  7:11  Stalker x3  
  73  7:13  Probe (Chrono Boost)  
  80  7:21  Probe (Chrono Boost)  
  80  7:24  Probe (Chrono Boost)  
  80  7:33  Warp Prism, Probe (Chrono Boost)  
  80  7:35  Probe (Chrono Boost)  
  82  7:40  Pylon  
  82  7:43  Adept x2  
  89  7:45  Probe (Chrono Boost)  
  89  7:49  Probe (Chrono Boost)  
  90  7:53  Adept x2  
  94  8:08  Adept x2  
  94  8:09  Adept x2  
  102  8:13  Pylon  
  102  8:17  Pylon  
  102  8:23  Pylon  
  102  8:34  Adept x4  
  110  8:49  Adept x4  
  110  8:54  Adept x2  
  110  8:55  Adept  
  124  8:56  Adept  
  113  9:11  Adept x4  
  107  9:21  Adept  
  107  9:22  Adept x2  
  107  9:35  Adept x3  
Show
View Real Time Build Order
Export as new Build Order

Luke Protoss 

Build Orders:  

Get SALT Encoding   

  12  0:01  Probe (Chrono Boost)  
  13  0:11  Probe (Chrono Boost)  
  14  0:18  Pylon  
  14  0:22  Probe (Chrono Boost)  
  15  0:36  Probe (Chrono Boost), Gateway  
  16  0:47  Probe (Chrono Boost)  
  16  0:48  Assimilator  
  17  0:57  Probe (Chrono Boost)  
  17  0:58  Assimilator  
  18  1:05  Gateway  
  18  1:09  Probe (Chrono Boost)  
  19  1:20  Probe (Chrono Boost)  
  20  1:26  Cybernetics Core  
  20  1:30  Probe (Chrono Boost)  
  21  1:38  Pylon  
  21  1:41  Probe (Chrono Boost)  
  22  1:52  Probe (Chrono Boost)  
  23  2:02  Probe (Chrono Boost), Stalker x2  
  23  2:07  Warp Gate  
  28  2:13  Mothership Core (Chrono Boost)  
  28  2:14  Pylon  
  30  2:32  Stalker x2  
  34  2:42  Probe (Chrono Boost)  
  35  3:02  Robotics Facility  
  35  3:03  Gateway  
  35  3:18  Probe (Chrono Boost)  
  36  3:30  Probe (Chrono Boost)  
  37  3:34  Pylon  
  37  3:43  Probe (Chrono Boost)  
  38  3:57  Observer  
  39  4:09  Nexus  
  39  4:11  Probe (Chrono Boost)  
  39  4:12  Pylon  
  39  4:16  Twilight Council  
  39  4:22  Stalker x3  
  39  4:23  Probe (Chrono Boost)  
  46  4:33  Probe (Chrono Boost)  
  51  4:38  Immortal  
  51  4:40  Blink  
  51  4:44  Probe (Chrono Boost)  
  52  4:56  Probe (Chrono Boost)  
  52  4:59  Sentry  
  55  5:14  Pylon  
  56  5:22  Immortal, Probe (Chrono Boost)  
  56  5:25  Probe (Chrono Boost)  
  61  5:30  Stalker  
  61  5:34  Probe (Chrono Boost), Stalker  
  66  5:38  Probe (Chrono Boost)  
  67  5:46  Probe (Chrono Boost)  
  69  5:50  Probe (Chrono Boost)  
  69  5:51  Assimilator  
  69  5:56  Assimilator  
  70  5:58  Probe (Chrono Boost), Pylon  
  70  6:02  Probe (Chrono Boost)  
  71  6:06  Sentry  
  71  6:10  Sentry  
  75  6:19  Immortal  
  75  6:20  Probe (Chrono Boost)  
  80  6:28  Probe (Chrono Boost)  
  80  6:29  Pylon  
  82  6:32  Probe (Chrono Boost)  
  82  6:35  Adept  
  76  7:08  Stalker x2  
  76  7:09  Stalker  
  80  7:18  Immortal  
  76  7:30  Gateway x2  
  76  7:31  Nexus, Pylon, Gateway  
  76  7:32  Forge, Gateway  
  76  7:34  Sentry  
  80  7:37  Probe (Chrono Boost)  
  80  7:38  Probe (Chrono Boost)  
  80  7:42  Stalker  
  82  7:46  Stalker  
  82  7:50  Probe (Chrono Boost)  
  86  7:52  Probe (Chrono Boost)  
  86  7:55  Resonating Glaives  
  86  7:57  Observer  
  86  8:03  Stalker  
  86  8:04  Pylon  
  89  8:16  Stalker  
  89  8:17  Stalker  
  93  8:24  Immortal  
  97  8:29  Pylon  
  97  8:36  Stalker  
  99  8:46  Stalker x2  
  99  8:47  Stalker  
  105  8:52  Stalker  
  103  9:05  Stalker x3  
  67  9:25  Stalker x4  
Tags
 
Add a new tag
Caveats
  • Supply blocks, unpowered buildings, or Contaminate may cause inaccurate times.
  • Supply counts are checked every 10 seconds.